Workbook

Sheet IMPORTANTE
A6: Talento Humano base Requerido
A9: 1. Este documento contiene la información de roles con sus perfiles y responsabilidades, así como la cantidad de personas que LA ENTIDAD considera base para la prestación de los servicios. A partir de lo establecido en los requisitos descritos en la totalidad de los documentos y sus anexos, así como las obligaciones contractuales contraídas, EL CONTRATISTA puede definir roles con los perfiles que considere y realizar su propio dimensionamiento con base en su experiencia y mejores prácticas que le permitan asegurar los niveles de servicio solicitados y demás compromisos contractuales. 2. EL CONTRATISTA debe adicionar el personal que sea necesario para mantener el cumplimiento de los niveles de servicio sin que esto genere costos adicionales para LA ENTIDAD.

Sheet Roles
A2: Talento Humano base Requerido
A6: Línea de servicio | B6: Código Rol | C6: Nombre del servicio profesional | D6: Rol | E6: Formación y/o conocimiento | F6: Experiencia | G6: Responsabilidades básicas | H6: Dedicación | I6: Cantidad base Requerida
A7: AUDIENCIAS VIRTUALES, VIDEOCONFERENCIA, STREAMING Y PORTAL DE GRABACIONES A NIVEL NACIONAL | B7: LS02-AV-AD-CAV | C7: ADMINISTRATIVO | D7: COORDINADOR AUDIENCIAS VIRTUALES | E7: Título Profesional en alguno de los siguientes núcleos básicos de conocimiento, NBC: “Ingeniería de Sistemas, Telemáticas o afines” o “Ingeniería Electrónica, Telecomunicaciones o afines”, "Ingeniería industrial y afines". | F7: Experiencia específica mínimo de 3 años en Supervisor o Liderazgo en Centros de Gestión de TIC, Mesa de Servicios, Call Center para atención de Mesas de Ayuda y/o Mesas de Servicio, soporte en sitio certificables. | G7: 1. Coordinar el equipo dedicado a la línea de servicios de Audiencias virtuales, videoconferencia, streaming y portal de grabaciones a nivel nacional, para brindar un servicio de alta calidad. 2. Asegurar el cumplimiento de los niveles de servicio. 3. Realizar seguimiento y elaborar informes de gestión. 4. Validar el escalamiento de problemas. 5. Asistir a capacitaciones y reuniones programadas. 6. Facilitar la transferencia de conocimiento a los Agentes 7. Realizar inducciones y reinducciones. 8. Evaluar el personal mediante evaluaciones periódicas. 9. Identificar y proponer necesidades formativas y mejoras. 10. Entregar reportes de avance y métricas del servicio. 11. Hacer seguimiento a la solución de incidentes y requerimientos. 12. Gestionar actividades administrativas del personal. 13. Actuar y priorizar los temas de acuerdo con los propósitos misionales de la Rama Judicial. 14. Consolidar información y entregar reportes de gestión 15. Realizar actividades de la Gestión de incidentes, Gestión de solicitudes de servicio y demás prácticas ITSM que sean requeridas y asociadas a sus competencias y a las líneas de servicio contratadas por LA ENTIDAD. 16. Otras actividades asignadas y relacionadas con sus competencias y el contrato celebrado con LA ENTIDAD. | H7: OPERACIÓN PERMANENTE | I7: =SUMIF('Distribución TalentoHumano'!$C$10:$C$230,B7,'Distribución TalentoHumano'!$E$10:$E$230) -> 1
A8: AUDIENCIAS VIRTUALES, VIDEOCONFERENCIA, STREAMING Y PORTAL DE GRABACIONES A NIVEL NACIONAL | B8: LS02-AV-APMO | C8: AUDIENCIAS VIRTUALES | D8: ADMINISTRADOR DE LA PLATAFORMA MS OFFICE 365 | E8: Título Profesional o terminación aprobada del programa académico en alguno de los siguientes núcleos básicos de conocimiento, NBC: “Ingeniería de Sistemas, Telemáticas y Afines” o “Ingeniería Electrónica, Telecomunicaciones y afines” o “Ingeniería Eléctrica o Afines”. • Formación en administración, implementación y soporte de la plataforma MS Office 365 y/o MS Teams Estándar y/o Premium. | F8: Experiencia mínima de 2 años en: • Administración, implementación y soporte de la plataforma office 365 y de la plataforma MS Teams Estándar y/o Premium. | G8: 1. Realizar actividades de la Gestión de incidentes, Gestión de solicitudes de servicio y demás prácticas ITSM que sean requeridas y asociadas a sus competencias y a las líneas de servicio contratadas por LA ENTIDAD. 2. Validar la categorización del incidente y reportar a la Mesa de Servicios en caso de ser necesario un cambio de categorización. 3. Manejar correctamente en términos de cortesía y la relación con los clientes. 4. Actualizar permanente y apropiadamente las acciones tomadas y demás información de los tickets en la herramienta ITSM, para que la Mesa de Servicios y/o los usuarios estén enterados oportunamente acerca del estatus de las gestiones realizadas. 5. Interacción con terceros o proveedores que se relacionen con la plataforma Office 365. 6. Administrar el tenant de la plataforma Office 365 junto con la plataforma MS Teams Estándar y/o Premium de la Rama Judicial. 7. Mantener los buzones. 8. Verificar las cuotas de tamaños de los buzones. 9. Adelantar y verificar que la configuración de políticas aplicadas se esté cumpliendo. 10. Velar porque se cumplan los acuerdos de niveles de servicio. 11. Asegurar y controlar la disponibilidad de la operación de la plataforma Office 365 de la Rama Judicial. 12. Administrar, instalar, configurar, probar, operar, documentar, mantener y soportar como especialista técnico en su dominio de conocimiento según los recursos asignados (las plataformas office 365, MS Teams Estándar y/o Premium y las interoperabilidades con sus ecosistemas), teniendo en cuenta su experiencia específica y relacionada. 13. Coadyuvar desde su perspectiva de experto técnico en la mejora de la estrategia y arquitectura tecnológica de LA ENTIDAD. 14. Coadyuvar en la definición y evolución del enfoque de gestión de infraestructura y plataforma y/o de la Gestión y desarrollo de software, desde su experiencia y recursos tecnológicos a cargo. 15. Coadyuvar para que se realicen y realizar las validaciones y pruebas de componentes de servicios que involucren las plataformas e infraestructuras. 16. Analizar y aplicar liberaciones de actualizaciones y parches pertinentes para mejorar el hardering de los recursos tecnológicos de plataformas e infraestructura asignados. 17. Configurar y administrar permisos sobre los recursos compartidos, modificaciones de los recursos de los elementos administrados. 18. Comprobar, analizar y mantener control, estabilidad, confiabilidad, seguridad y disponibilidad de los recursos administrados frente a funcionamientos típicos y atípicos de los recursos asignados, dentro de los ANS y demás obligaciones contractuales para la entrega y evolución de los servicios para satisfacer las capacidades actuales y futuras. 19. Especificar variables de entornos, parametrizaciones, guiones, plantillas de servicios y comandos aplicables. 20. Coadyuvar en las definiciones requeridas para la práctica de Monitoreo y gestión de eventos, velando porque el NOC sea de utilidad para la mejora continua en la entrega de los servicios. 21. Otras actividades asignadas y relacionadas con sus competencias y el contrato celebrado con LA ENTIDAD. | H8: OPERACIÓN PERMANENTE | I8: =SUMIF('Distribución TalentoHumano'!$C$10:$C$230,B8,'Distribución TalentoHumano'!$E$10:$E$230) -> 1
A9: AUDIENCIAS VIRTUALES, VIDEOCONFERENCIA, STREAMING Y PORTAL DE GRABACIONES A NIVEL NACIONAL | B9: LS02-AV-AST | C9: AUDIENCIAS VIRTUALES | D9: AGENTE DE SOPORTE TÉCNICO | E9: Título de Técnico profesional o Título de Tecnólogo en Sistemas o en Electrónica o afines, o estudiante mínimo de séptimo semestre (o 6 semestres aprobados) de “Ingeniería de Sistemas, Telemáticas y Afines” o “Ingeniería Electrónica, Telecomunicaciones y afines” o “Ingeniería Eléctrica o Afines”. | F9: Experiencia mínima profesional o técnica de 1 año mínimo como soporte en proyectos relacionados con videoconferencias. | G9: 1. Administrar y operar correctamente la herramienta de videoconferencia en la nube, brindando soporte técnico a los despachos judiciales y usuarios que lo requieran, para la realización de audiencias virtuales. 2. Brindar soporte (Presencial o remoto) a los usuarios del servicio de la herramienta de agendamiento y portal de grabaciones. 3. Atender y gestionar los casos de incidencias y solicitudes reportado en la herramienta JUDIT de la Mesa de Servicios de la Rama Judicial para la solución efectiva de los problemas y atención de los casos relacionados con el servicio y cierre de los mismos. 4. Atender las incidencias y solicitudes de acuerdo a los niveles de servicio. 5. Escalar las consultas, incidentes, solicitudes de servicio a los agentes respectivos en caso de no poder solucionarlo, debidamente documentado en la herramienta de software definida para tal fin. 6. Manejar correctamente en términos de cortesía y expectativas, la relación con los clientes internos, durante la resolución de los problemas. 7. Brindar apoyo en las actividades requeridas para la operación de la mesa de servicios de TI desde el registro de la solicitud de soporte hasta la resolución del mismo con el respectivo cierre de la solicitud de soporte. 8. Prestar servicio básico de soporte técnico a los equipos tecnológicos propiedad de la Entidad (Equipos, pc de escritorio, Workstation, portátiles, Tablets, video beams, video proyectores, equipos de videoconferencia, televisores, Smart TV, etc. 9. Realizar actividades de la Gestión de incidentes, Gestión de solicitudes de servicio y demás prácticas ITSM que sean requeridas y asociadas a sus competencias y a las líneas de servicio contratadas por LA ENTIDAD. 10. Otras actividades asignadas y relacionadas con sus competencias y el contrato celebrado con LA ENTIDAD. | H9: OPERACIÓN PERMANENTE | I9: =SUMIF('Distribución TalentoHumano'!$C$10:$C$230,B9,'Distribución TalentoHumano'!$E$10:$E$230) -> 44
A10: AUDIENCIAS VIRTUALES, VIDEOCONFERENCIA, STREAMING Y PORTAL DE GRABACIONES A NIVEL NACIONAL | B10: LS02-AV-ASTS | C10: AUDIENCIAS VIRTUALES | D10: AGENTE DE SOPORTE TÉCNICO STREAMING | E10: Título de Técnico profesional o Título de Tecnólogo en Sistemas o en Electrónica o afines, o estudiante mínimo de séptimo semestre (o 6 semestres aprobados) de “Ingeniería de Sistemas, Electrónica, Sonido, Telecomunicaciones, Telemáticas , y Afines. | F10: Experiencia mínima profesional o técnica de 1 año mínimo como soporte en proyectos relacionados con videoconferencias , transmisión de eventos en vivo Streaming .( instalación de equipos audiovisuales, instalación, configuración y manejo de consolas de sonido, cabinas de sonido, micrófonos, cámaras, computadores para transmisión, software de edición y producción como OBS Studio, vMix, Wirecast o similares ). | G10: 1. Administrar y operar correctamente la herramienta de videoconferencia en la nube, brindando soporte técnico a los despachos judiciales y usuarios que lo requieran, para la realización de audiencias virtuales, eventos y streaming 2. Brindar soporte (Presencial o remoto) a los usuarios del servicio de streaming y videoconferencia. 3. Atender y gestionar los casos de servicios de streaming y videconferencias solicitados por la entidad . 4. Atender las solicitudes de acuerdo a los niveles de servicio. 5. Escalar solicitudes de servicio a los agentes respectivos en caso de no poder solucionarlo, debidamente documentado en la herramienta de software definida para tal fin. 6. Manejar correctamente en términos de cortesía y expectativas, la relación con los clientes internos, durante el dessarrollo de las actividades propias del servicio de streaming y videconferencia 7. Brindar apoyo en las actividades requeridas para la operación de servicio de streaming y videconferencias, desde el registro de la solicitud de soporte hasta la resolución del mismo con el respectivo cierre de la solicitud de soporte en la herraminta dispuesta por la Entidad. 8. Prestar servicio básico de soporte técnico a los equipos tecnológicos propiedad de la Entidad (Equipos, pc de escritorio, Workstation, portátiles, Tablets, video beams, video proyectores, equipos de videoconferencia, televisores, Smart TV, etc., para el desarrollo de eventos , videconferencias y streaming 9. Realizar actividades de la Gestión de solicitudes de servicio y demás prácticas ITSM que sean requeridas y asociadas a sus competencias y a las líneas de servicio contratadas por LA ENTIDAD. 10. Otras actividades asignadas y relacionadas con sus competencias y el contrato celebrado con LA ENTIDAD. | H10: OPERACIÓN PERMANENTE | I10: =SUMIF('Distribución TalentoHumano'!$C$10:$C$230,B10,'Distribución TalentoHumano'!$E$10:$E$230) -> 5
A11: AUDIENCIAS VIRTUALES, VIDEOCONFERENCIA, STREAMING Y PORTAL DE GRABACIONES A NIVEL NACIONAL | B11: LS02-AV-AEAV | C11: AUDIENCIAS VIRTUALES | D11: AGENTE ESPECIALISTA EN AUDIENCIAS VIRTUALES | E11: Título Profesional en alguno de los siguientes núcleos básicos de conocimiento, NBC: “Ingeniería de Sistemas, Telemáticas o afines” o “Ingeniería Electrónica, Telecomunicaciones o afines”, "Ingeniería industrial y afines". | F11: Experiencia específica profesional mínima de 2 años como soporte en proyectos de videoconferencias o telecomunicaciones. | G11: 1. Administrar y operar correctamente la plataforma tecnológica en la nube, apoyando a las solicitudes de realización de audiencias virtuales, que se pueden originar en todos los despachos judiciales , consiguiendo la efectividad de la plataforma a través de la optimización de sus funcionalidades. 2. Brindar soporte de segundo nivel, tanto a los técnico de soporte en sitio, como a los usuarios pertenecientes a la regional. 3. Atender las solicitudes e incidencias de acuerdo a los niveles de servicio acordados. 4. Gestionar y documentar todos los casos asignados en la herramienta de Mesa de Servicios Judit de la Rama Judicial para la solución efectiva de los problemas y atención de los casos relacionados con la realización de audiencias virtuales y el cierre de los mismos. 5. Apoyar la coordinación de actividades para le desarrollo de videoconferencias, streaming y las requeridas por los usuarios del servicio de audiencias virtuales. 6. Generar y gestionar la incidencias (N3) y solicitudes con proveedor o fabricante de los servicios que componen la solución de audiencias virtuales. 7. Realizar actividades de la Gestión de incidentes, Gestión de solicitudes de servicio y demás prácticas ITSM que sean requeridas y asociadas a sus competencias y a las líneas de servicio contratadas por LA ENTIDAD. 8. Otras actividades asignadas y relacionadas con sus competencias y el contrato celebrado con LA ENTIDAD. | H11: OPERACIÓN PERMANENTE | I11: =SUMIF('Distribución TalentoHumano'!$C$10:$C$230,B11,'Distribución TalentoHumano'!$E$10:$E$230) -> 4
A12: AUDIENCIAS VIRTUALES, VIDEOCONFERENCIA, STREAMING Y PORTAL DE GRABACIONES A NIVEL NACIONAL | B12: LS02-AV-APSEU | C12: AUDIENCIAS VIRTUALES | D12: AGENTE PROMOCIÓN DEL SERVICIO Y EXPERIENCIA DEL USUARIO | E12: Título Profesional en alguno de los siguientes núcleos básicos de conocimiento, NBC: “Ingeniería de Sistemas, Telemáticas o afines” o “Ingeniería Electrónica, Telecomunicaciones o afines”, " Economía, administración, contaduría y afines", "Comunicación social, periodismo y afines". | F12: Experiencia específica mínima de 2 años en proyectos de tecnología o atención a usuarios. | G12: 1. El agente contará con toda la información técnica de la plataforma tecnológica en la nube y de la operación en general para promocionar los servicios mediante capacitaciones colectivas, dónde el estudio de las necesidades lo determine que se requieran, o el usuario así lo solicite. 2. El agente deberá crear protocolos de atención, y un espacio de comunicación, que le permita mejorar el servicio que se brinda al usuario final, el manejo de reclamaciones, y la fidelización de los clientes. 3. El agente garantizará que la interacción del usuario, con los servicios de audiencias virtuales, videoconferencias, streaming, agendamiento y el portal de gestión de audiencias, tenga como resultado una percepción positiva, beneficiosa y receptiva. 4. Deberá crear mecanismos que incentiven el uso de las plataformas que conforma el objeto contractual. 5. Ejecutar el plan de capacitación y promoción del servicio diseñado por el contratista y aprobado por la interventoría y la Entidad. 6. Realizar actividades de la Gestión de incidentes, Gestión de solicitudes de servicio y demás prácticas ITSM que sean requeridas y asociadas a sus competencias y a las líneas de servicio contratadas por LA ENTIDAD. 7. Otras actividades asignadas y relacionadas con sus competencias y el contrato celebrado con LA ENTIDAD. | H12: OPERACIÓN PERMANENTE | I12: =SUMIF('Distribución TalentoHumano'!$C$10:$C$230,B12,'Distribución TalentoHumano'!$E$10:$E$230) -> 2
A13: AUDIENCIAS VIRTUALES, VIDEOCONFERENCIA, STREAMING Y PORTAL DE GRABACIONES A NIVEL NACIONAL | B13: LS02-AV-ASTA | C13: AUDIENCIAS VIRTUALES | D13: ASISTENTE DE SOPORTE TÉCNICO DE AGENDAMIENTO | E13: Bachiller, con conocimientos en ofimática, Word y Excel, con amplias habilidades en digitación. | F13: Experiencia laboral de 1 año en actividades administrativas. | G13: 1. Brindar soporte en el proceso de agendamiento en las seccionales de la Entidad que así lo requieran, garantizando que todas y cada una de las solicitudes de realización de audiencias virtuales, videoconferencias, y/o streaming, lleguen a feliz término. 2. Garantizar la calidad en el registro del agendamiento, verificando que el formulario del módulo sea correctamente diligenciado, con el propósito de que la etiqueta final de la grabación de la audiencia sea la correcta, para facilitar su consulta posterior. 3. Realizar los cierres de los eventos realizados en la plataforma VaaS y previamente agendados. 4. Evitar al máximo que se realicen los cierres de eventos agendados para fechas futuras. 5. Realizar actividades de la Gestión de incidentes, Gestión de solicitudes de servicio y demás prácticas ITSM que sean requeridas y asociadas a sus competencias y a las líneas de servicio contratadas por LA ENTIDAD. 6. Otras actividades asignadas y relacionadas con sus competencias y el contrato celebrado con LA ENTIDAD. | H13: OPERACIÓN PERMANENTE | I13: =SUMIF('Distribución TalentoHumano'!$C$10:$C$230,B13,'Distribución TalentoHumano'!$E$10:$E$230) -> 2
A14: AUDIENCIAS VIRTUALES, VIDEOCONFERENCIA, STREAMING Y PORTAL DE GRABACIONES A NIVEL NACIONAL | B14: LS02-AV-CSTRE | C14: AUDIENCIAS VIRTUALES | D14: COORDINADOR DE STREAMING | E14: Título Profesional en alguno de los siguientes núcleos básicos de conocimiento, NBC: “Ingeniería de Sistemas, Telemáticas o afines” o “Ingeniería Electrónica, Telecomunicaciones o afines”, "Comunicación social, periodismo y afines". | F14: Experiencia específica mínima profesional de 2 años como soporte en proyectos de videoconferencias, transmisiones o difusión en continuo. | G14: 1. Analizar, planear, ejecutar y controlar las actividades relacionadas el servicio de streaming , el agente contará con toda la información técnica de la plataforma tecnológica en la nube para identificar ágilmente al solicitante y establecer con qué elementos de la plataforma cuenta, y las preguntas idóneas a realizar para identificar el apoyo solicitado. 2. Brindar soporte a los usuarios del servicio, realizando pruebas de audio y video, previas al evento, para garantizar su correcta ejecución y producción. 3. Administrar y operar correctamente la plataforma tecnológica en la nube, registrando las solicitudes de realización de Streaming en su totalidad, que se pueden originar en todos los despachos judiciales a nivel nacional, consiguiendo la efectividad de la plataforma a través de la optimización de sus funcionalidades. 4. El gerente del proyecto se encargará de que el agente disponga de la información más actualizada sobre el estado de la implementación en cada despacho de la Rama Judicial. 5. El agente deberá ser debidamente capacitado en las características de operación de los elementos tecnológicos necesarios para la realización de eventos, lo que incluye la plataforma tecnológica en la nube. 6. EL CONTRATISTA realizará la capacitación preliminar al agente, le mantendrá enterado de las actualizaciones de la plataforma tecnológica en la nube, y se responsabilizará por los niveles de servicios señalados. 7. Realizar actividades de la Gestión de incidentes, Gestión de solicitudes de servicio y demás prácticas ITSM que sean requeridas y asociadas a sus competencias y a las líneas de servicio contratadas por LA ENTIDAD. 8. Otras actividades asignadas y relacionadas con sus competencias y el contrato celebrado con LA ENTIDAD. | H14: OPERACIÓN PERMANENTE | I14: =SUMIF('Distribución TalentoHumano'!$C$10:$C$230,B14,'Distribución TalentoHumano'!$E$10:$E$230) -> 1
A15: AUDIENCIAS VIRTUALES, VIDEOCONFERENCIA, STREAMING Y PORTAL DE GRABACIONES A NIVEL NACIONAL | B15: LS02-AV-ILS | C15: AUDIENCIAS VIRTUALES | D15: INTÉRPRETE DE LENGUAJE DE SEÑAS | E15: Certificado de aprobación de la Evaluación Nacional de Interpretes de Lengua de Señas Colombianas - Español - ENILSCE o aprobación y certificación de FENASCOL o equivalente. | F15: Experiencia de 1 año como intérprete de lengua de señas. | G15: 1. Traducir al idioma castellano o de este a la Lengua de Señas Colombiana, las comunicaciones que deben efectuar las personas sordas con personas oyentes, o la traducción a los sistemas especiales de comunicación utilizados por las personas sordociegas. 2. Interactuar en los eventos que la Entidad determine con el fin de hacer la traducción de los mismos al lenguaje de señas. 3. Todas las demás relacionadas con su labor, según la Entidad lo requiera. 4. Realizar actividades de la Gestión de incidentes, Gestión de solicitudes de servicio y demás prácticas ITSM que sean requeridas y asociadas a sus competencias y a las líneas de servicio contratadas por LA ENTIDAD. 5. Otras actividades asignadas y relacionadas con sus competencias y el contrato celebrado con LA ENTIDAD. | H15: OPERACIÓN PERMANENTE | I15: =SUMIF('Distribución TalentoHumano'!$C$10:$C$230,B15,'Distribución TalentoHumano'!$E$10:$E$230) -> 2
A16: AUDIENCIAS VIRTUALES, VIDEOCONFERENCIA, STREAMING Y PORTAL DE GRABACIONES A NIVEL NACIONAL | B16: LS02-AV-LTAVAS | C16: AUDIENCIAS VIRTUALES | D16: LÍDER TÉCNICO DE AUDIENCIAS VIRTUALES, AGENDAMIENTOS Y STREAMING | E16: Título Profesional en alguno de los siguientes núcleos básicos de conocimiento, NBC: “Ingeniería de Sistemas, Telemáticas o afines” o “Ingeniería Electrónica, Telecomunicaciones o afines”. | F16: Experiencia específica minima profesional de 2 años como soporte en proyectos de videoconferencias. | G16: 1. Analizar, planear, ejecutar y controlar las actividades relacionadas con el soporte y la administración de la solución de audiencias virtuales, videoconferencias, y streaming, y los procedimientos técnicos preventivos, predictivos y correctivos, para garantizar la estabilidad y disponibilidad del servicio. 2. Documentar la información relacionada con las labores técnicas, permitiendo así, la obtención de indicadores del servicio de audiencias virtuales, videoconferencias, y streaming. 3. Establecer en conjunto con el Centro de Documentación Judicial – CENDOJ, la logística y planes para la atención de la prestación de los elementos, recursos y servicios de videoconferencia por demanda, así como todas las otras actividades relacionadas con el servicio. 4. Generar los informes técnicos y actas, que permitan establecer y mantener la comunicación y actualización del servicio. 5. Liderar y monitorear el equipo de soporte técnico del servicio de audiencias virtuales, videoconferencias, y streaming, generando un escrutinio consolidado que permita conocer a nivel de despacho judicial y de evento realizado, las estadísticas del servicio. 6. Liderar de parte de EL CONTRATISTA el proceso de conciliación de facturación y descuentos por acuerdos de nivel de servicios, aportando para tal efecto las certificaciones de las actas de los despachos judiciales y administrativos de la Rama Judicial, que demuestren las cantidades de elementos, servicios y personal prestados, con el visto bueno del juez, secretario del despacho o despacho administrativo. 7. Participar en la realización de las reuniones de seguimiento a los proyectos semanales, mensuales y cuando se requiera. 8. Realizar actividades de la Gestión de incidentes, Gestión de solicitudes de servicio y demás prácticas ITSM que sean requeridas y asociadas a sus competencias y a las líneas de servicio contratadas por LA ENTIDAD. 9. Otras actividades asignadas y relacionadas con sus competencias y el contrato celebrado con LA ENTIDAD. | H16: OPERACIÓN PERMANENTE | I16: =SUMIF('Distribución TalentoHumano'!$C$10:$C$230,B16,'Distribución TalentoHumano'!$E$10:$E$230) -> 1
A17: AUDIENCIAS VIRTUALES, VIDEOCONFERENCIA, STREAMING Y PORTAL DE GRABACIONES A NIVEL NACIONAL | B17: LS02-AV-GG-ASGG | C17: GESTIÓN DE GRABACIONES | D17: AGENTE DE SOPORTE TÉCNICO GESTIÓN DE GRABACIONES | E17: Título Profesional en alguno de los siguientes núcleos básicos de conocimiento, NBC: “Ingeniería de Sistemas, Telemáticas o afines” o “Ingeniería Electrónica, Telecomunicaciones o afines”. | F17: Experiencia específica mínima profesional de 2 años como soporte en proyectos relacionados con videoconferencias o Base de Datos. | G17: 1. Administrar y operar correctamente el Portal de Gestión de Grabaciones, garantizando la gestión de los documentos audiovisuales y la correcta integración de los equipos locales y servidores de donde se proveerá las grabaciones que reposaran en el portal. 2. Brindar soporte telefónico y por correo electrónico a los usuarios de la solución e interactuar (telefónicamente, por correo electrónico, por herramienta de HelpDesk) con la Mesa de Servicios de la Rama Judicial para la solución efectiva de los problemas y atención de los casos relacionados con el servicio y cierre de los mismos. 3. Trabajar con un número telefónico, fijo o celular, tipo PBX proporcionado por el Consejo Superior de la Judicatura, en donde en el mismo número atenderán los agentes. 4. Atender llamadas (contestar el teléfono, personal o en mensaje de espera) en un tiempo máximo de 30 segundos. 5. Cuando se requiera soporte por correo, el agente llamará al solicitante para darle asistencia a más tardar los 10 minutos siguientes al arribo del correo. De igual manera cuando el soporte se requiera a través de la Mesa de Servicios de la Rama Judicial. 6. Los agentes contarán con toda la información técnica de la plataforma Portal de Gestión de Grabaciones para identificar ágilmente al solicitante y establecer con qué elementos de la plataforma cuenta, y las preguntas idóneas a realizar para identificar el apoyo solicitado. 7. De igual manera, teniendo en cuenta que el punto único de falla del servicio externo a EL CONTRATISTA es la indisponibilidad de conexión a cualquier tipo de Internet en la Rama Judicial (salvo que EL CONTRATISTA esté prestando el servicio por arrendamiento), los agentes estarán en la capacidad de instruir al solicitante acerca de cómo comprobar la conectividad. En caso negativo, informara inmediatamente la situación al Gestor de Integración, vía telefónica en primer lugar, reiterada vía correo electrónico y/o Mesa de Servicios. 8. Realizar actividades de la Gestión de incidentes, Gestión de solicitudes de servicio y demás prácticas ITSM que sean requeridas y asociadas a sus competencias y a las líneas de servicio contratadas por LA ENTIDAD. 9. Otras actividades asignadas y relacionadas con sus competencias y el contrato celebrado con LA ENTIDAD. | H17: OPERACIÓN PERMANENTE | I17: =SUMIF('Distribución TalentoHumano'!$C$10:$C$230,B17,'Distribución TalentoHumano'!$E$10:$E$230) -> 4
A18: AUDIENCIAS VIRTUALES, VIDEOCONFERENCIA, STREAMING Y PORTAL DE GRABACIONES A NIVEL NACIONAL | B18: LS02-AV-GG-ADC | C18: GESTIÓN DE GRABACIONES | D18: ASISTENTE DE CATALOGACIÓN | E18: Bachiller, con conocimientos en ofimática, Word y Excel, con amplias habilidades en digitación. | F18: Experiencia laboral de 1 año en actividades administrativas. | G18: 1. Escuchar y renombrar todos los archivos audiovisuales, que se encuentran en diferentes formatos y medios de almacenamiento, con el fin de hacer posible su correcta integración al portal de gestión de grabaciones. 2. Conocer y aplicar correctamente los 72 caracteres que integran los metadatos del nombre de los archivos para que puedan ser integrados al repositorio único de gestión de audiencias. 3. Las demás actividades requeridas, relacionadas con el contrato. 4. Realizar actividades de la Gestión de incidentes, Gestión de solicitudes de servicio y demás prácticas ITSM que sean requeridas y asociadas a sus competencias y a las líneas de servicio contratadas por LA ENTIDAD. 5. Otras actividades asignadas y relacionadas con sus competencias y el contrato celebrado con LA ENTIDAD. | H18: OPERACIÓN PERMANENTE | I18: =SUMIF('Distribución TalentoHumano'!$C$10:$C$230,B18,'Distribución TalentoHumano'!$E$10:$E$230) -> 5
... A76: SOPORTE A LA GESTIÓN DE SERVICIOS DE TI | B76: LS06-OSP-EDEVSPS | C76: OTROS SERVICIOS PROFESIONALES | D76: EVANGELISTA DEVSECOPS | E76: Título Profesional en alguno de los siguientes núcleos básicos de conocimiento, NBC: “Ingeniería de Sistemas, Telemáticas o afines” o “Ingeniería Electrónica, Telecomunicaciones o afines”. • ‎DevSecOps Foundation o DevSecOps Professional o Certified ‎DevSecOps Engineer o ‎DevSecOps Practitioner o equivalentes. • ITIL® 4 Specialist: Create, Deliver and Support y/o ITIL® 4 Specialist: High-Velocity IT | F76: Experiencia profesional general de 4 años, de los cuales: Experiencia mínima comprobada de 2 años en por lo menos 2 de los siguientes temas: • Desarrollo de software, operaciones de TI o un puesto similar. • Gestión de servicios de TI. • Evangelista o miembro de equipos DevSecOps. • Líderazgo o coordinación de equipos de trabajo o proyectos. | G76: 1. Promover los beneficios de DevSecOps. 2. Garantizar la concientización de los equipos de desarrollo y operaciones. 2. Determinar los roles clave y coadyuvar en la adopción y ejecución de las prácticas DevOps en coherencia con las prácticas ITIL adoptadas. 3. Coadyuvar para que todos los miembros de los equipos estén capacitados. 4. Ejecutar políticas, estándares, lineamientos, prácticas, roles, actividades, tareas y demás definiciones establecidas para asegurar la calidad en la prestación de los servicios contratados y los acuerdos de niveles de servicio. 5. Realizar actividades de la Gestión de incidentes, Gestión de solicitudes de servicio y demás prácticas ITSM que sean requeridas y asociadas a sus competencias y a las líneas de servicio contratadas por LA ENTIDAD. 6. Otras actividades asignadas y relacionadas con sus competencias y el contrato celebrado con LA ENTIDAD. | H76: POR DEMANDA | I76: =SUMIF('Distribución TalentoHumano'!$C$10:$C$230,B76,'Distribución TalentoHumano'!$E$10:$E$230) -> 0

Sheet Distribución TalentoHumano
A3: Distribución actual del Talento Humano requerido
A6: La distribución del Talento Humano base a nivel nacional podrá cambiar de conformidad con las necesidades de la Rama Judicial.
A7: Para la nueva contratación se ajustó la cantidad recursos para los roles "ASISTENTE DE CATALOGACIÓN", "COORDINADOR DE CATALOGACIÓN", "AGENTE PROMOCIÓN DEL SERVICIO Y EXPERIENCIA DEL USUARIO".
A9: Línea de servicio | B9: Nombre del servicio profesional del rol | C9: Código del Rol | D9: Rol | E9: Cantidad de personas por rol | F9: Código del Departamento | G9: Nombre del Departamento | H9: Código del Municipio | I9: Nombre del Municipio | J9: Grupo del Municipio | K9: Ubicación del Personal de EL CONTRATISTA | L9: Cantidad de Sedes En el Municipio | M9: Cantidad Despachos En el Municipio | N9: Cantidad de Servidores Judiciales En el Municipio
A10: AUDIENCIAS VIRTUALES, VIDEOCONFERENCIA, STREAMING Y PORTAL DE GRABACIONES A NIVEL NACIONAL | B10: ADMINISTRATIVO | C10: LS02-AV-AD-CAV | D10: COORDINADOR AUDIENCIAS VIRTUALES | E10: 1 | F10: 11 | G10: BOGOTÁ, D.C. | H10: 11001 | I10: BOGOTÁ, D.C. | J10: GRUPO 1 | K10: LA ENTIDAD | L10: 48 | M10: 1062 | N10: 9768
A11: AUDIENCIAS VIRTUALES, VIDEOCONFERENCIA, STREAMING Y PORTAL DE GRABACIONES A NIVEL NACIONAL | B11: AUDIENCIAS VIRTUALES | C11: LS02-AV-APMO | D11: ADMINISTRADOR DE LA PLATAFORMA MS OFFICE 365 | E11: 1 | F11: 11 | G11: BOGOTÁ, D.C. | H11: 11001 | I11: BOGOTÁ, D.C. | J11: GRUPO 1 | K11: LA ENTIDAD | L11: 48 | M11: 1062 | N11: 9768
A12: AUDIENCIAS VIRTUALES, VIDEOCONFERENCIA, STREAMING Y PORTAL DE GRABACIONES A NIVEL NACIONAL | B12: AUDIENCIAS VIRTUALES | C12: LS02-AV-AST | D12: AGENTE DE SOPORTE TÉCNICO | E12: 1 | F12: 05 | G12: ANTIOQUIA | H12: 05001 | I12: MEDELLÍN | J12: GRUPO 1 | K12: LA ENTIDAD | L12: 15 | M12: 461 | N12: 3002
A13: AUDIENCIAS VIRTUALES, VIDEOCONFERENCIA, STREAMING Y PORTAL DE GRABACIONES A NIVEL NACIONAL | B13: AUDIENCIAS VIRTUALES | C13: LS02-AV-AST | D13: AGENTE DE SOPORTE TÉCNICO | E13: 1 | F13: 08 | G13: ATLÁNTICO | H13: 08001 | I13: BARRANQUILLA | J13: GRUPO 1 | K13: LA ENTIDAD | L13: 13 | M13: 226 | N13: 1416
A14: AUDIENCIAS VIRTUALES, VIDEOCONFERENCIA, STREAMING Y PORTAL DE GRABACIONES A NIVEL NACIONAL | B14: AUDIENCIAS VIRTUALES | C14: LS02-AV-AST | D14: AGENTE DE SOPORTE TÉCNICO | E14: 26 | F14: 11 | G14: BOGOTÁ, D.C. | H14: 11001 | I14: BOGOTÁ, D.C. | J14: GRUPO 1 | K14: LA ENTIDAD | L14: 48 | M14: 1062 | N14: 9768
A15: AUDIENCIAS VIRTUALES, VIDEOCONFERENCIA, STREAMING Y PORTAL DE GRABACIONES A NIVEL NACIONAL | B15: AUDIENCIAS VIRTUALES | C15: LS02-AV-AST | D15: AGENTE DE SOPORTE TÉCNICO | E15: 1 | F15: 13 | G15: BOLÍVAR | H15: 13001 | I15: CARTAGENA DE INDIAS | J15: GRUPO 1 | K15: LA ENTIDAD | L15: 12 | M15: 165 | N15: 1045
A16: AUDIENCIAS VIRTUALES, VIDEOCONFERENCIA, STREAMING Y PORTAL DE GRABACIONES A NIVEL NACIONAL | B16: AUDIENCIAS VIRTUALES | C16: LS02-AV-AST | D16: AGENTE DE SOPORTE TÉCNICO | E16: 1 | F16: 17 | G16: CALDAS | H16: 17001 | I16: MANIZALES | J16: GRUPO 1 | K16: LA ENTIDAD | L16: 4 | M16: 113 | N16: 663
A17: AUDIENCIAS VIRTUALES, VIDEOCONFERENCIA, STREAMING Y PORTAL DE GRABACIONES A NIVEL NACIONAL | B17: AUDIENCIAS VIRTUALES | C17: LS02-AV-AST | D17: AGENTE DE SOPORTE TÉCNICO | E17: 1 | F17: 18 | G17: CAQUETÁ | H17: 18001 | I17: FLORENCIA | J17: GRUPO 1 | K17: LA ENTIDAD | L17: 1 | M17: 1 | N17: 2
A18: AUDIENCIAS VIRTUALES, VIDEOCONFERENCIA, STREAMING Y PORTAL DE GRABACIONES A NIVEL NACIONAL | B18: AUDIENCIAS VIRTUALES | C18: LS02-AV-AST | D18: AGENTE DE SOPORTE TÉCNICO | E18: 1 | F18: 23 | G18: CÓRDOBA | H18: 23001 | I18: MONTERÍA | J18: GRUPO 1 | K18: LA ENTIDAD | L18: 7 | M18: 84 | N18: 531
A19: AUDIENCIAS VIRTUALES, VIDEOCONFERENCIA, STREAMING Y PORTAL DE GRABACIONES A NIVEL NACIONAL | B19: AUDIENCIAS VIRTUALES | C19: LS02-AV-AST | D19: AGENTE DE SOPORTE TÉCNICO | E19: 1 | F19: 27 | G19: CHOCÓ | H19: 27001 | I19: QUIBDÓ | J19: GRUPO 1 | K19: LA ENTIDAD | L19: 7 | M19: 61 | N19: 337
A20: AUDIENCIAS VIRTUALES, VIDEOCONFERENCIA, STREAMING Y PORTAL DE GRABACIONES A NIVEL NACIONAL | B20: AUDIENCIAS VIRTUALES | C20: LS02-AV-AST | D20: AGENTE DE SOPORTE TÉCNICO | E20: 1 | F20: 41 | G20: HUILA | H20: 41001 | I20: NEIVA | J20: GRUPO 1 | K20: LA ENTIDAD | L20: 4 | M20: 106 | N20: 731
A21: AUDIENCIAS VIRTUALES, VIDEOCONFERENCIA, STREAMING Y PORTAL DE GRABACIONES A NIVEL NACIONAL | B21: AUDIENCIAS VIRTUALES | C21: LS02-AV-AST | D21: AGENTE DE SOPORTE TÉCNICO | E21: 1 | F21: 47 | G21: MAGDALENA | H21: 47001 | I21: SANTA MARTA | J21: GRUPO 1 | K21: LA ENTIDAD | L21: 7 | M21: 102 | N21: 653
... A230: SOPORTE A LA GESTIÓN DE SERVICIOS DE TI | B230: SERVICIO TÉCNICO ESPECIALIZADO | C230: LS06-STE-LCDU | D230: LÍDER DE CALIDAD Y DEFENSORÍA DEL USUARIO | E230: 1 | F230: 11 | G230: BOGOTÁ, D.C. | H230: 11001 | I230: BOGOTÁ, D.C. | J230: GRUPO 1 | K230: LA ENTIDAD | L230: 48 | M230: 1062 | N230: 9768
